 Dungeon Crawl Stone Soup version 0.24.0-13-gcf9b319 (webtiles) character file.

Game seed: 2414048669744607633, levelgen mode: deterministic

7438 JeffiDaFish the Destroyer (level 10, -3/86 HPs)
             Began as a White Draconian Conjurer on Nov 13, 2019.
             Was a Believer of Vehumet.
             Slain by a raiju (5 damage)
             ... on level 2 of the Abyss.
             The game lasted 00:34:20 (16710 turns).

JeffiDaFish the Destroyer (DrCj)                   Turns: 16710, Time: 00:34:21

Health: -3/86      AC: 10    Str: 10    XL:     10   Next: 93%
Magic:  4/21       EV: 12    Int: 18    God:    Vehumet [**....]
Gold:   686        SH:  0    Dex: 15    Spells: 9/24 levels left

rFire    + . .     SeeInvis .   r - +6 whip (elec)
rCold    + . .     Gourm    .   (no shield)
rNeg     . . .     Faith    .   (armour unavailable)
rPois    .         Spirit   .   c - +0 hat
rElec    .         Reflect  .   i - scarf {repulsion}
rCorr    .         Harm     .   k - +1 pair of gloves
MR       +....                  g - +0 pair of boots
Stlth    ++........             (no amulet)
HPRegen  0.24/turn              j - ring of protection from fire
MPRegen  0.17/turn              o - +4 ring of dexterity

@: repel missiles
A: breathe frost, unfitting armour, cold resistance 1, magic resistance 1, weak
1, cold-blooded, AC +7
a: Breathe Frost, Renounce Religion


You were on level 2 of the Abyss.
You worshipped Vehumet.
Vehumet was pleased with you.
You were not hungry.

You visited 2 branches of the dungeon, and saw 12 of its levels.
You visited the Abyss 1 time.

You collected 686 gold pieces.

Inventory:

Hand Weapons
 r - a +6 whip of electrocution (weapon)
Armour
 c - a +0 hat (worn)
 g - a +0 pair of boots (worn)
 i - a scarf of repulsion (worn)
 k - a +1 pair of gloves (worn)
 q - a +0 cloak
 w - a +0 buckler
Jewellery
 j - a ring of protection from fire (left hand)
 n - an uncursed ring of fire
 o - a +4 ring of dexterity (right hand)
Wands
 h - a wand of iceblast (11)
 p - a wand of clouds (3)
 t - a wand of paralysis (9)
 u - a wand of acid (11)
Scrolls
 f - 6 scrolls of identify
 l - 2 scrolls of blinking
 v - a scroll of remove curse
 y - a scroll of holy word {unknown}
Potions
 a - 6 potions of curing
 d - a potion of invisibility
 e - a potion of flight
 m - 3 potions of mutation
 s - a potion of haste
 x - a potion of agility
Comestibles
 b - 21 rations


   Skills:
 - Level 7.0 Fighting
 - Level 1.7 Dodging
 - Level 1.7 Stealth
 + Level 3.8 Shields
 + Level 7.5 Spellcasting
 * Level 11.4 Conjurations
 - Level 4.1 Hexes
 - Level 2.0 Translocations
 + Level 4.6 Ice Magic


You had 9 spell levels left.
You knew the following spells:

 Your Spells              Type           Power        Failure   Level  Hunger
a - Magic Dart            Conj           ####         1%          1    None
b - Searing Ray           Conj           #####.       1%          2    None
c - Dazzling Spray        Conj/Hex       ####..       1%          3    #......
d - Iskenderun's Mystic   Conj           #####...     1%          4    ###....
e - Force Lance           Conj/Tloc      ####....     6%          4    ###....
f - Freeze                Ice            ###.         1%          1    None

Your spell library contained the following spells:

 Spells                   Type           Power        Failure   Level  Hunger
 Flame Tongue             Conj/Fire      ####.        1%          1    None
 Shock                    Conj/Air       ####         1%          1    None
 Fulminant Prism          Conj/Hex       ####......   4%          4    ###....
 Iskenderun's Battlesphe  Conj/Chrm      ####....     26%         5    #####..


Dungeon Overview and Level Annotations

Branches:
Dungeon (11/15)            Temple (1/1) D:7
   Lair: D:8-11         Orc: D:9-12

Altars:
Ashenzari
Cheibriados
Dithmenos
Elyvilon
Fedhas
Gozag
Hepliaklqana
Kikubaaqudgha
Makhleb
Nemelex Xobeh
Okawaru
Qazlal
Ru
Sif Muna
Trog
Uskayaw
Vehumet
Wu Jian
Xom
Yredelemnul
Zin
The Shining One

Shops:
D:6 }=*   D:11 }

Annotations:
D:3 2 runed translucent doors, Ajohnson's ghost, amateur DrFE
D:9 2 transporters, Copingsaw's ghost, novice GrFi


Innate Abilities, Weirdness & Mutations

You can breathe waves of freezing cold.
You can buffet flying creatures when you breathe cold.
Your icy white scales are hard. (AC +7)
You cannot fit into any form of body armour.
Your flesh is cold resistant. (rC+)
You are cold-blooded and may be slowed by cold attacks.
You are resistant to hostile enchantments. (MR+)
You are weak. (Str -2)


Message History

You hit the raiju.
The raiju is severely wounded.
The raiju bites you. The raiju shocks you!
The small abomination closely misses you.
The raiju bursts into living lightning!
The living lightning misses you. x2; The raiju blinks! x2
You are too injured to fight recklessly!
You are too injured to fight recklessly!
You are too injured to fight recklessly!
You barely miss the raiju.
The raiju is severely wounded.
The small abomination hits you!!
* * * LOW HITPOINT WARNING * * *
The raiju bites you but does no damage.
The small abomination closely misses you.
The raiju barely misses you. The small abomination hits you!!
* * * LOW HITPOINT WARNING * * *
The raiju bites you.
You die...

## #.....#
.#.###......#
# # ....#
....#.
###...#...#.#
#..#....#.#.#.
#...#....#.. .
#.##.......# #
.. ..#..h#.#.#
. ##..#.@h.#.#
..###.x..# .
#...#..#..#
....#...#....#
.. #... #..##
..## .#.# ###
###.. #.


You could see 2 raiju and a small abomination.

Vanquished Creatures
  Pikel (D:5)
  A wizard (D:11)
  Joseph (D:9)
  A centaur zombie (D:10)
  2 trolls
  A raiju (Abyss:2)
  A hippogriff (D:9)
  A spriggan (D:9)
  A wyvern (D:8)
  Eustachio (D:5)
  Duvessa (D:4)
  An eye of draining (D:9)
  3 ice beasts
  3 sky beasts
  2 orc warriors
  A slave (D:5)
  A black bear (D:10)
  A necrophage (D:9)
  An ogre (D:7)
  8 centaurs
  A crocodile (D:8)
  7 bullfrogs
  A gnoll sergeant (D:3)
  Dowan (D:4)
  A wyvern zombie (D:8)
  A scorpion (D:10)
  A crimson imp (D:5)
  2 quasits
  A bullfrog zombie (D:6)
  5 hounds
  5 orc priests
  A gnoll shaman (D:3)
  4 jellies
  8 orc wizards
  3 centaur skeletons
  3 iron imps (D:9)
  2 iguanas
  13 worker ants
  2 hound zombies
  A hound skeleton (D:6)
  12 adders
  40 gnolls
  3 howler monkey skeletons
  3 shadow imps
  3 oozes
  2 adder skeletons
  3 worms
  A dart slug (D:1)
  3 leopard geckos
  26 orcs
  3 giant cockroaches
  2 goblins
  2 hobgoblins
  21 jackals
  2 kobolds (D:1)
  3 quokkas
  A ball python (D:3)
  6 bats
  8 frilled lizards
  A jackal skeleton (D:7)
  A leopard gecko skeleton (D:6)
  A quokka skeleton (D:9)
  4 rats
247 creatures vanquished.

Vanquished Creatures (others)
  A slave (D:5)
  A hound (D:5)
  3 jackals (D:5)
  A frilled lizard (D:5)
6 creatures vanquished.

Grand Total: 253 creatures vanquished

Notes
Turn   | Place    | Note
-------+----------+-------------------------------------------
     0 | D:1      | JeffiDaFish the Draconian Conjurer began the quest for the
                  | Orb.
     0 | D:1      | Reached XP level 1. HP: 14/14 MP: 3/3
   245 | D:1      | Reached XP level 2. HP: 22/22 MP: 3/5
   330 | D:1      | Learned a level 2 spell: Searing Ray
   568 | D:1      | Reached skill level 1 in Fighting
  1582 | D:2      | Reached XP level 3. HP: 28/28 MP: 2/6
  2159 | D:2      | Found a shadowy altar of Dithmenos.
  2198 | D:2      | Found a stormy altar of Qazlal.
  3412 | D:3      | Reached XP level 4. HP: 27/36 MP: 0/7
  3588 | D:3      | Found a large runed translucent door.
  3589 | D:3      | Found a large runed translucent door.
  3594 | D:3      | Noticed Ajohnson's ghost (amateur DrFE)
  3869 | D:3      | Reached skill level 5 in Conjurations
  4487 | D:3      | Reached XP level 5. HP: 26/41 MP: 1/9
  5121 | D:3      | Reached XP level 6. HP: 49/51 MP: 1/10
  5364 | D:3      | Reached skill level 6 in Conjurations
  6176 | D:3      | Your scales start taking on an icy white colour.
  6176 | D:3      | Reached XP level 7. HP: 51/58 MP: 2/12
  6176 | D:3      | Gained mutation: Your flesh is cold resistant. (rC+) [White
                  | Draconian growth]
  6811 | D:4      | Learned a level 3 spell: Dazzling Spray
  6816 | D:4      | Learned a level 4 spell: Iskenderun's Mystic Blast
  6851 | D:4      | Found a snail-covered altar of Cheibriados.
  7004 | D:4      | Noticed Duvessa
  7005 | D:4      | Noticed Dowan
  7057 | D:4      | Killed Duvessa
  7057 | D:4      | Reached skill level 7 in Conjurations
  7322 | D:4      | Reached skill level 1 in Hexes
  7571 | D:4      | Killed Dowan
  8340 | D:5      | Entered Level 5 of the Dungeon
  8631 | D:5      | Found a sparkling altar of Nemelex Xobeh.
  8697 | D:5      | Noticed Pikel
  8735 | D:5      | Killed Pikel
  8735 | D:5      | Reached skill level 5 in Fighting
  8735 | D:5      | Reached skill level 8 in Conjurations
  8735 | D:5      | Reached XP level 8. HP: 34/68 MP: 0/15
  8927 | D:5      | Found a hazy altar of Hepliaklqana.
  8929 | D:5      | Found an opulent altar of Gozag.
  8938 | D:5      | Noticed Eustachio
  8941 | D:5      | Killed Eustachio
  9015 | D:5      | Reached skill level 5 in Spellcasting
  9334 | D:5      | Found an iron altar of Okawaru.
 10007 | D:6      | Found Pudessieno's Gadget Boutique.
 10121 | D:6      | Reached XP level 9. HP: 57/75 MP: 7/17
 10132 | D:6      | Reached skill level 9 in Conjurations
 10551 | D:6      | Found a sacrificial altar of Ru.
 10725 | D:6      | Found a white marble altar of Elyvilon.
 10809 | D:6      | Found Binnoos's Assorted Antiques.
 10850 | D:6      | Found a basalt altar of Yredelemnul.
 10894 | D:6      | Found Yrghon's Jewellery Shoppe.
 11083 | D:7      | Found a glowing silver altar of Zin.
 11374 | D:7      | Learned a level 4 spell: Force Lance
 11644 | D:7      | Found a staircase to the Ecumenical Temple.
 11649 | Temple   | Entered the Ecumenical Temple
 11765 | Temple   | Became a worshipper of Vehumet
 11819 | D:7      | Reached skill level 1 in Translocations
 11831 | D:7      | Gained mutation: You are weak. (Str -2) [potion of
                  | mutation]
 11831 | D:7      | Gained mutation: Your mind is acute. (Int +2) [potion of
                  | mutation]
 11831 | D:7      | Lost mutation: Your mind is acute. (Int +2) [potion of
                  | mutation]
 11831 | D:7      | Gained mutation: You are resistant to hostile enchantments.
                  | (MR+) [potion of mutation]
 11851 | D:7      | Found a blossoming altar of Fedhas.
 11911 | D:8      | Found a bloodstained altar of Trog.
 12101 | D:8      | Reached skill level 10 in Conjurations
 12611 | D:8      | Reached * piety under Vehumet
 12611 | D:8      | Offered knowledge of Freeze by Vehumet.
 12617 | D:8      | Learned a level 1 spell: Freeze
 13254 | D:9      | Reached skill level 1 in Ice Magic
 13254 | D:9      | Reached XP level 10. HP: 85/86 MP: 2/19
 13445 | D:8      | Reached skill level 1 in Shields
 13562 | D:9      | Found a burning altar of Makhleb.
 14378 | D:9      | Noticed Joseph
 14390 | D:9      | Killed Joseph
 14636 | D:9      | Noticed a manticore
 14636 | D:9      | Noticed a moth of wrath
 14638 | D:9      | Noticed Copingsaw's ghost (novice GrFi)
 14655 | D:9      | Found a transporter.
 14678 | D:9      | Noticed a catoblepas
 14686 | D:9      | Found a transporter.
 15002 | D:10     | Entered Level 10 of the Dungeon
 15197 | D:10     | Reached skill level 11 in Conjurations
 16215 | D:10     | Offered knowledge of Flame Tongue by Vehumet.
 16271 | D:10     | Reached ** piety under Vehumet
 16479 | D:11     | Found Uroazxap's Gadget Shop.
 16545 | D:11     | Noticed a wizard
 16561 | D:11     | Killed a wizard
 16660 | D:11     | Identified Sif Muna's Volume of Axaxaxas mlö
 16673 | D:11     | Noticed a wizard
 16674 | D:11     | Noticed a wizard
 16677 | D:11     | Cast into level 2 of the Abyss (a wizard)
 16710 | Abyss:2  | HP: 2/86 [small abomination (18)]
 16710 | Abyss:2  | Slain by a raiju

Levels and vault maps discovered:
D:1:      roderic_octagonal_star, layout_basic, serial_forest,
          infiniplex_forest_end_3, infiniplex_forest_clump_curved,
          infiniplex_forest_clump_long, infiniplex_forest_clump_tiny,
          infiniplex_forest_clump_cross, infiniplex_forest_lined_3
D:2:      layout_loops_corners, marbit_many_paths,
          nicolae_overflow_crystal_walls, wad_orctagon
D:3:      lemuel_castle_with_subvaults [lemuel_castle_interior_carwin_3],
          layout_loops_cross, first_ration, ebering_ghost_disaster_area,
          chequers_serial_rivers_small_3
D:4:      layout_layer_cave, lemuel_doored_altar, uniq_duvessa
D:5:      layout_basic, nicolae_overflow_hidden_temple, okawaru_trees_1,
          nemelex_xobeh_ov_fountains_minmay, kennysheep_nondescript,
          grunt_ministairs_15, uniq_pikel, uniq_eustachio
D:6:      nicolae_whirlpool, layout_rooms, kennysheep_mini_moat,
          kennysheep_little_box, serial_shops, shop, kennysheep_mini,
          shop_statue, nicolae_ru_awakened_eye
D:7:      layout_basic, lemuel_round_altar, minmay_temple_entry_nine_rooms,
          basic_altar
D:8:      kennysheep_spiral_hall, layout_loops_ring, overflow_temple_1_default
D:9:      kennysheep_ambush_hall, layout_basic, demons_altar,
          gammafunk_ghost_berserking_beasts, the_bakery,
          hangedman_decor_opposing, uniq_joseph
D:10:     layout_small_grid
D:11:     wad_cavern_with_rooms, layout_basic, dpeg_lair_monsters, serial_shops,
          nicolae_shop_behind_doors, fountainhead, bh_hangedman_babel_library
Temple:   nicolae_temple_figure_zero
Abyss:2

Skill      XL: |  1  2  3  4  5  6  7  8  9 10 |
---------------+-------------------------------+-----
Fighting       | 1 2 3 5 7 |  7.0
Conjurations   | 5 6 8 10 11 | 11.4
Spellcasting   | 3 4 5 6 7 |  7.5
Hexes          | 2 3 4 |  4.1
Translocations | 2 |  2.0
Ice Magic      | 1 4 |  4.6
Shields        | 3 |  3.8
Dodging        | |  1.7
Stealth        | |  1.7

Action                   |  1- 3 |  4- 6 |  7- 9 | 10-12 || total
-------------------------+-------+-------+-------+-------++-------
Melee: Dagger            |    49 |    43 |       |       ||    92
       Tailslap          |     5 |     7 |    24 |    15 ||    51
       Spear             |       |    46 |    91 |       ||   137
       Whip              |       |       |   171 |   127 ||   298
 Cast: Magic Dart        |    61 |    95 |    76 |    42 ||   274
       Searing Ray       |     4 |    21 |    12 |     1 ||    38
       Dazzling Spray    |       |       |    25 |    12 ||    37
       Iskenderun's Myst |       |       |    24 |    34 ||    58
       Force Lance       |       |       |     2 |     8 ||    10
       Freeze            |       |       |       |     2 ||     2
 Abil: Breathe Frost     |       |       |     1 |       ||     1
  Use: Scroll            |     6 |     1 |     7 |     4 ||    18
       Potion            |     2 |     3 |     5 |     1 ||    11
 Stab: Sleeping          |     1 |       |     6 |       ||     7
       Invisible         |       |       |     4 |     2 ||     6
  Eat: Ration            |     1 |     1 |     2 |     2 ||     6
       Chunk             |     4 |     8 |    20 |    13 ||    45
Armor: Skin              |    12 |    28 |    94 |    76 ||   210
Dodge: Dodged            |    42 |   119 |   185 |   101 ||   447
       Deflected         |       |       |    22 |     4 ||    26
